 Dungeon Crawl Stone Soup version 0.29.0-13-gc9e81de378 (webtiles) character file.

Game seed: 9169345574252416037

4062 tilp the Reanimator (level 10, -15/80 HPs)
             Began as a Mummy Necromancer on Sept 8, 2022.
             Demolished by a shadow (23 damage)
             ... on level 9 of the Dungeon.
             The game lasted 00:15:48 (11890 turns).

tilp the Reanimator (Mummy Necromancer)            Turns: 11890, Time: 00:15:49

Health: -15/80     AC:  5    Str: 12    XL:     10   Next: 5%
Magic:  17/20      EV: 17    Int: 19    God:
Gold:   469        SH:  0    Dex: 12    Spells: 15/23 levels left

rFire   . . .      SeeInvis .   a - +3 short sword (freeze)
rCold   + . .      Faith    .   (no shield)
rNeg    + + +      Spirit   .   c - +0 robe
rPois   ∞          Reflect  .   s - +0 helmet
rElec   .          Harm     .   f - +0 cloak
rCorr   .          Rampage  .   e - +0 pair of gloves
Will    +....                   (no boots)
Stlth   ++........              (no amulet)
HPRegen 0.23/turn               i - ring of protection from fire
MPRegen 0.17/turn               u - +4 ring of evasion

@: no status effects
A: cold resistance 1, negative energy resistance 3, torment resistance 2, heat
vulnerability 1, in touch with death 1, no potions
a: no special abilities


You were on level 9 of the Dungeon.
You visited 2 branches of the dungeon, and saw 10 of its levels.
You also visited: Sewer.

You collected 469 gold pieces.

Inventory:

Hand Weapons
 a - a +3 short sword of freezing (weapon)
 b - a +2 vampiric dagger
 w - a +0 spear
 A - a +1 whip of freezing
Missiles
 j - 131 stones
 l - 11 poisoned darts (quivered)
 o - 4 javelins
 t - a curare-tipped dart
 x - 4 boomerangs
 y - 3 atropa-tipped darts
Armour
 c - a +0 robe (worn)
 e - a +0 pair of gloves (worn)
 f - a +0 cloak (worn)
 s - a +0 helmet (worn)
Jewellery
 h - the ring of Limyvin {Fire rPois rN+ Int-2 Dex+3}
   (You took it off a kobold on level 3 of the Dungeon)

   [ring of fire]

   It enhances your fire magic.
   Int:       It affects your intelligence (-2).
   Dex:       It affects your dexterity (+3).
   rF:        It protects you from fire.
   rC:        It makes you vulnerable to cold.
   rPois:     It protects you from poison.
   rN:        It protects you from negative energy.
 i - a ring of protection from fire (left hand)
 u - a +4 ring of evasion (right hand)
Wands
 v - a wand of paralysis (3)
Scrolls
 d - 5 scrolls of fear
 g - a scroll of poison
 k - 7 scrolls of teleportation
 m - a scroll of amnesia
 n - a scroll of summoning
 p - a scroll of magic mapping
 q - a scroll of enchant armour {unknown}
 r - 2 scrolls of enchant weapon
 z - a scroll of blinking {unknown}
 B - a scroll of noise {unknown}


   Skills:
 + Level 7.9 Fighting
 - Level 4.0 Dodging
 - Level 4.0 Stealth
 - Level 7.0 Spellcasting
 - Level 10.0 Necromancy


You had 15 spell levels left.
You knew the following spells:

 Your Spells              Type           Power      Damage    Failure   Level
a - Necrotise             Necr           100%       1d9       1%          1
b - Vampiric Draining     Necr           61%        2d10      1%          3
c - Animate Dead          Necr           61%        N/A       1%          4

Your spell library contained the following spells:

 Spells                   Type           Power      Damage    Failure   Level
 Agony                    Necr           61%        N/A       4%          5
 Shock                    Conj/Air       24%        1d4       10%         1
 Death Channel            Necr           30%        N/A       26%         6
 Call Canine Familiar     Summ           6%         N/A       30%         3
 Portal Projectile        Hex/Tloc       12%        N/A       30%         3
 Swiftness                Air            6%         N/A       30%         3
 Borgnjor's Vile Clutch   Necr/Erth      19%        N/A       34%         5
 Airstrike                Air            3%         2d(1-17)  69%         4
 Leda's Liquefaction      Hex/Erth       3%         N/A       69%         4


Dungeon Overview and Level Annotations

Branches:
Dungeon (9/15)             Temple (1/1) D:7             Orc (0/2) D:9
  Sewer (visited)
   Lair: D:8-11

Altars:
Ashenzari
Cheibriados
Dithmenos
Fedhas
Gozag
Hepliaklqana
Kikubaaqudgha
Makhleb
Nemelex Xobeh
Okawaru
Ru
Sif Muna
Trog
Uskayaw
Vehumet
Wu Jian
Xom
Yredelemnul

Shops:
D:4 !   D:6 (

Annotations:
D:4 exclusions: black bear and ogre
D:5 kiku altar (inaccessible)
D:7 exclusion: wight
D:8 exclusion: orc, Joseph


Innate Abilities, Weirdness & Mutations

You are immune to poison.
Your flesh is cold resistant. (rC+)
You are immune to negative energy. (rN+++)
You are immune to unholy pain and torment.
You are vulnerable to heat. (rF-)
You are in touch with the powers of death.
You do not drink.


Message History

The shadow hits you!
You barely miss the shadow.
The shadow is lightly damaged.
The shadow misses you.
You barely miss the shadow.
The shadow is lightly damaged.
The shadow hits you.
You hit the shadow but do no damage.
The shadow is lightly damaged.
The shadow slips into darkness.
The shadow flickers and vanishes!
Deactivating autopickup; reactivate with Ctrl-A.
You hit something but do no damage.
The shadow strikes at you from the darkness!
* * * LOW HITPOINT WARNING * * *
Reactivating autopickup.
The shadow slips into darkness.
The shadow flickers and vanishes!
Deactivating autopickup; reactivate with Ctrl-A.
Aiming: Paralyse
Press: ? - help, Shift-Dir - straight line, f - troll zombie
Aim: a troll zombie (chance to affect: 58%) Nothing appears to happen.
An orc zombie comes into view.
The shadow strikes at you from the darkness!
* * * LOW HITPOINT WARNING * * *
Reactivating autopickup.
Unknown command.
Aiming: Paralyse
Press: ? - help, Shift-Dir - straight line, f - shadow, p - troll zombie
Aim: a shadow (lightly damaged, chance to affect: 31%)
The shadow easily resists.
The shadow slips into darkness.
The shadow flickers and vanishes!
Deactivating autopickup; reactivate with Ctrl-A.
Aiming: Paralyse
Press: ? - help, Shift-Dir - straight line Nothing appears to happen.
The shadow strikes at you from the darkness!
You die...
ZZ..

#............ ##..Z. ##
#...#........#### .Z. .#..
##...##.......#... ...##.#
##.#....#......<#...
#Z#...###..##....#.......#... #.
#W.##...... #....#.......#...
#.##.##..##.####....#.......#...
#ZZ...#.#..ZZ##....#.......#...
###..###.#.##{@....'.......####
#.#.)W.##ZW#######...........
###.#######.#........<.......
### #####................
#....................
#.#############+##'## #.#
...........# #.# ............
#.# ..........##


You could see a phantom, an ogre zombie and 2 troll zombies.

Vanquished Creatures
  A two-headed ogre (D:7)
  Pikel (D:7)
  A wyvern (D:7)
  A water moccasin (D:7)
  An orc warrior (D:8)
  3 sky beasts
  2 black bears (D:7)
  3 ice beasts
  2 ogres (D:6)
  2 centaurs
  3 kobold brigands
  A phantom (D:6)
  2 gnoll sergeants
  A scorpion (D:4)
  4 bullfrogs
  2 wights
  A troll zombie (D:9)
  2 jellies (D:7)
  An orc priest (D:9)
  3 hounds
  A gnoll bouda (D:6)
  3 orc wizards
  3 iguanas
  12 gnolls
  8 adders
  2 shadow imps
  A white imp (D:7)
  An ufetubus (D:4)
  A worm (D:4)
  A dart slug (D:2)
  11 orcs
  5 bats
  7 endoplasms
  4 giant cockroaches
  8 goblins
  2 hobgoblins (D:4)
  A quokka (D:3)
  9 ball pythons
  2 frilled lizards
  A goblin zombie (D:9)
  25 kobolds
  An orc zombie (D:9)
  4 rats
150 creatures vanquished.

Vanquished Creatures (collateral kills)
  A necrophage (D:6)
  A jelly (D:7)
  An ufetubus (D:7)
  A worm (D:3)
  6 orcs (D:8)
  2 kobolds (D:7)
  2 rats
14 creatures vanquished.

Vanquished Creatures (others)
  A bullfrog zombie (D:8)
  A gnoll zombie (D:7)
  11 kobold zombies
  4 orc zombies (D:8)
17 creatures vanquished.

Grand Total: 181 creatures vanquished

Notes
Turn   | Place    | Note
-------+----------+-------------------------------------------
     0 | D:1      | tilp the Mummy Necromancer began the quest for the Orb.
     0 | D:1      | Reached XP level 1. HP: 13/13 MP: 4/4
   160 | D:1      | Found a faded altar of an unknown god.
   181 | D:1      | Reached XP level 2. HP: 17/20 MP: 0/5
  1177 | D:2      | Reached skill level 1 in Fighting
  1514 | D:2      | Gained mutation: You are in touch with the powers of death.
                  | [Mummy growth]
  1514 | D:2      | Reached XP level 3. HP: 26/26 MP: 0/7
  1518 | D:2      | Learned a level 3 spell: Vampiric Draining
  2312 | D:3      | Identified the ring of Limyvin {Fire rPois rN+ Int-2 Dex+3}
  2434 | D:3      | Found a glowing drain.
  2446 | Sewer    | Entered a sewer
  2612 | Sewer    | Reached XP level 4. HP: 32/33 MP: 5/8
  2897 | Sewer    | Noticed a kobold brigand
  2901 | Sewer    | Reached skill level 5 in Necromancy
  2913 | Sewer    | Killed a kobold brigand
  2914 | Sewer    | Reached XP level 5. HP: 18/41 MP: 0/9
  4193 | D:4      | Noticed a black bear
  4313 | D:4      | Noticed an ogre
  4384 | D:4      | Found Teklurod's Distillery.
  4493 | D:4      | Reached XP level 6. HP: 37/48 MP: 3/10
  4856 | D:4      | Identified a scroll of acquirement
  4857 | D:4      | Acquired a book of Unlife
  4869 | D:5      | Entered Level 5 of the Dungeon
  5112 | D:5      | Reached skill level 6 in Necromancy
  5309 | D:5      | Found an ancient bone altar of Kikubaaqudgha.
  5353 | D:5      | Noticed an ice beast
  5379 | D:5      | Killed an ice beast
  5674 | D:5      | Reached XP level 7. HP: 54/54 MP: 8/12
  5807 | D:5      | Learned a level 4 spell: Animate Dead
  6410 | D:6      | Reached skill level 7 in Necromancy
  6607 | D:6      | Reached XP level 8. HP: 37/61 MP: 4/14
  6888 | D:6      | Found Weosk's Antique Weapon Emporium.
  7059 | D:6      | Reached skill level 5 in Fighting
  7372 | D:6      | HP: 3/62 [phantom (7)]
  7855 | D:7      | Reached skill level 5 in Spellcasting
  7855 | D:7      | Reached skill level 8 in Necromancy
  7920 | D:7      | Noticed a two-headed ogre
  8323 | D:7      | Killed a two-headed ogre
  8324 | D:7      | Reached XP level 9. HP: 71/71 MP: 14/17
  8741 | D:7      | Reached skill level 9 in Necromancy
  9304 | D:7      | Noticed Pikel
  9314 | D:7      | Killed Pikel
  9433 | D:7      | Found a staircase to the Ecumenical Temple.
  9441 | Temple   | Entered the Ecumenical Temple
  9640 | D:7      | Found an ornate altar of the Wu Jian Council.
 10064 | D:8      | Noticed Joseph
 10169 | D:8      | Found a hazy altar of Hepliaklqana.
 10331 | D:8      | Reached skill level 10 in Necromancy
 10833 | D:8      | Reached XP level 10. HP: 62/80 MP: 20/20
 11490 | D:9      | Identified the +1 leather armour of the Saviour {rF++ rN+}
 11863 | D:9      | Found a staircase to the Orcish Mines.
 11890 | D:9      | Demolished by a shadow

Illustrated notes

Levels and vault maps discovered:
D:1:      lemuel_arrival_cross, layout_basic, ebering_ecumenical_altar_petrified
D:2:      layout_basic
D:3:      layout_loops_cross, cheibrodos_sewer_entry_bend, patterned_corridor
D:4:      layout_basic, serial_shops, shop
D:5:      layout_rooms, general_overflow_altar
D:6:      layout_basic, serial_shops, shop_statue,
          nicolae_kite_square_tiling_tiny
D:7:      layout_basic, nzn_wu_jian_contemplation,
          minmay_temple_entry_glassed_door, minmay_misc_feat_rugged, uniq_pikel
D:8:      layout_basic, nicolae_hepliaklqana_hippocampus, uniq_joseph
D:9:      layout_irregular_city, lemuel_tele_altar, zombieorc1_lemuel,
          minivault_22
Temple:   regret_index_temple_chain_breaker

Skill      XL: |  1  2  3  4  5  6  7  8  9 |
---------------+----------------------------+-----
Fighting       | 1 3 4 6 7 |  7.9
Spellcasting   | 3 4 5 7 |  7.0
Stealth        | 2 3 4 |  4.0
Dodging        | 2 3 4 |  4.0
Necromancy     | 5 6 7 8 10 | 10.0

Action                   |  1- 3 |  4- 6 |  7- 9 | 10-12 || total
-------------------------+-------+-------+-------+-------++-------
Melee: Spear             |     6 |     7 |       |       ||    13
       Dagger            |       |    97 |   166 |       ||   263
       Punch             |       |     2 |       |       ||     2
       Whip              |       |       |    29 |    15 ||    44
       Short sword       |       |       |       |    46 ||    46
Throw: Stone             |       |     1 |       |       ||     1
       Dart              |       |       |    19 |       ||    19
 Cast: Necrotise         |    68 |    66 |    41 |       ||   175
       Vampiric Draining |       |    11 |    78 |     2 ||    91
       Animate Dead      |       |       |     4 |       ||     4
Evoke: Wand              |       |       |     1 |     4 ||     5
  Use: Scroll            |     4 |     7 |     2 |       ||    13
 Stab: Sleeping          |       |     2 |     5 |       ||     7
       Paralysed         |       |       |     4 |     2 ||     6
       Distracted        |       |       |     1 |       ||     1
Armor: Robe              |     8 |    40 |    69 |     9 ||   126
Dodge: Dodged            |    13 |   102 |   242 |    51 ||   408
